[ AOE2 MATCH · #484446216 ]
UnrankedRomans vs Bulgarians
[ REPLAY ANALYSIS · EXTRACTED FROM THE RECORDED GAME ]
Feudal
12:23
Castle
23:47
Imperial
—
| APM avg | 23.5 |
| APM peak | 41 |
| eAPM avg | 9.3 |
| Villagers / military | 46 / 37 |
Focus
⚔️ 30.9% · 🌾 69.1%
Militia ×25 · Spearman ×11 · Trade Cart ×2 · Monk ×1
Feudal
9:22
Castle
20:06
Imperial
—
| APM avg | 21.7 |
| APM peak | 50 |
| eAPM avg | 13.8 |
| Villagers / military | 78 / 8 |
Focus
⚔️ 7.5% · 🌾 92.5%
Battering Ram ×3 · Monk ×2 · Mangonel ×2 · Spearman ×1
Feudal
11:57
Castle
19:42
Imperial
—
| APM avg | 15.0 |
| APM peak | 37 |
| eAPM avg | 11.9 |
| Villagers / military | 66 / 14 |
Focus
⚔️ 18.1% · 🌾 81.9%
Militia ×4 · Knight ×3 · Konnik ×2 · Battering Ram ×2 · Monk ×1 · Spearman ×1
Feudal
12:51
Castle
18:08
Imperial
—
| APM avg | 19.6 |
| APM peak | 58 |
| eAPM avg | 8.5 |
| Villagers / military | 50 / 15 |
Focus
⚔️ 20.5% · 🌾 79.5%
Berserk ×15
Feudal
—
Castle
—
Imperial
—
| APM avg | 15.6 |
| APM peak | 51 |
| eAPM avg | 8.5 |
| Villagers / military | 41 / 27 |
Focus
⚔️ 24.3% · 🌾 75.7%
Militia ×15 · Skirmisher ×9 · Archer ×3
Feudal
—
Castle
—
Imperial
—
| APM avg | 30.0 |
| APM peak | 98 |
| eAPM avg | 14.8 |
| Villagers / military | 44 / 59 |
Focus
⚔️ 26.2% · 🌾 73.8%
Spearman ×29 · Skirmisher ×29 · Mangonel ×1
Feudal
—
Castle
—
Imperial
—
| APM avg | 19.5 |
| APM peak | 46 |
| eAPM avg | 8.8 |
| Villagers / military | 43 / 33 |
Focus
⚔️ 44.0% · 🌾 56.0%
Archer ×33
Feudal
—
Castle
—
Imperial
—
| APM avg | 11.6 |
| APM peak | 39 |
| eAPM avg | 6.8 |
| Villagers / military | 38 / 18 |
Focus
⚔️ 22.0% · 🌾 78.0%
Scout Cavalry ×18
Match map
Initial resources + every placement click. Lines = walls · curves = elevation contours. ◆ gold · ⬟ stone · ● berries · ✦ relic · ◌ wall gap
Your base· Open — 4t gap
alancazu's base· Open — unwalled flank
luu~'s base· Open — 4t gap
LedgenP's base· Open — unwalled flank
Maxi Greco32's base· Open — unwalled flank
gbecerro's base· Open — 5t gap
JeyKilla MC's base· Open — unwalled flank
GRECOCHI32's base· Open — 11t gap
Smoothed initial terrain · ◌ = detected wall gap · hover for details
Inputs per minute
— Alaric Kerensky - - alancazu
Build order — Alaric Kerensky
140 actions detected in the replay
| 0:05 | Create | Villager (Male) |
| 0:05 | Create | Villager (Male) |
| 0:05 | Create | Villager (Male) |
| 0:08 | Build | House |
| 0:23 | Create | Villager (Male) |
| 0:34 | Build | House |
| 0:35 | Build | House |
| 1:40 | Create | Villager (Male) |
| 1:40 | Create | Villager (Male) |
| 2:15 | Create | Villager (Male) |
| 2:44 | Create | Villager (Male) |
| 2:55 | Create | Villager (Male) |
| 3:18 | Create | Villager (Male) |
| 3:40 | Research | Loom |
| 3:55 | Create | Villager (Male) |
| 3:56 | Create | Villager (Male) |
| 4:52 | Create | Villager (Male) |
| 5:28 | Create | Villager (Male) |
| 5:52 | Create | Villager (Male) |
| 5:52 | Create | Villager (Male) |
| 6:02 | Build | Lumber Camp |
| 6:47 | Create | Villager (Male) |
| 6:47 | Create | Villager (Male) |
| 6:47 | Create | Villager (Male) |
| 6:55 | Build | Mill |
| 7:01 | Build | House |
| 7:19 | Create | Villager (Male) |
| 7:19 | Create | Villager (Male) |
| 7:28 | Build | House |
| 7:47 | Create | Villager (Male) |
| 7:47 | Create | Villager (Male) |
| 8:16 | Build | Mill |
| 8:19 | Create | Villager (Male) |
| 8:24 | Create | Villager (Male) |
| 8:54 | Create | Villager (Male) |
| 8:55 | Create | Villager (Male) |
| 9:53 | Create | Villager (Male) |
| 10:13 | Research | Feudal Age |
| 10:56 | Create | Villager (Male) |
| 10:56 | Create | Villager (Male) |
| 11:12 | Build | Mining Camp |
| 11:58 | Create | Villager (Male) |
| 12:23 | Age | Feudal Age |
| 12:27 | Create | Villager (Male) |
| 12:38 | Build | Barracks |
| 12:45 | Build | Farm |
| 12:45 | Build | Farm |
| 12:45 | Build | Farm |
| 12:46 | Build | Farm |
| 13:13 | Build | Farm |
| 13:14 | Build | Farm |
| 13:14 | Build | Farm |
| 13:14 | Build | Farm |
| 13:21 | Build | Farm |
| 13:22 | Build | Farm |
| 13:24 | Build | Farm |
| 13:24 | Build | Farm |
| 13:37 | Research | Gold Mining |
| 13:46 | Create | Villager (Male) |
| 13:46 | Create | Villager (Male) |
| 13:49 | Research | Double-Bit Axe |
| 14:16 | Build | House |
| 14:27 | Research | Man-at-Arms (upgrade) |
| 14:54 | Create | Villager (Male) |
| 14:55 | Create | Villager (Male) |
| 15:11 | Create | Villager (Male) |
| 15:13 | Create | Militia |
| 15:13 | Create | Militia |
| 15:14 | Create | Militia |
| 15:14 | Create | Militia |
| 15:25 | Build | Blacksmith |
| 15:31 | Create | Villager (Male) |
| 15:31 | Create | Villager (Male) |
| 15:54 | Build | House |
| 16:03 | Research | Scale Mail Armor |
| 16:04 | Research | Forging |
| 16:11 | Build | Market |
| 16:15 | Create | Villager (Male) |
| 16:25 | Create | Militia |
| 17:06 | Build | House |
| 17:07 | Build | House |
| 17:19 | Create | Villager (Male) |
| 17:40 | Create | Militia |
| 17:40 | Create | Militia |
| 17:40 | Create | Militia |
| 18:12 | Create | Militia |
| 18:21 | Create | Militia |
| 19:23 | Create | Militia |
| 19:23 | Create | Militia |
| 19:24 | Create | Militia |
| 19:56 | Build | House |
| 19:58 | Build | House |
| 20:00 | Build | House |
| 20:02 | Build | House |
| 20:02 | Build | House |
| 20:04 | Build | House |
| 20:04 | Build | House |
| 20:07 | Research | Stone Mining |
| 20:42 | Create | Villager (Male) |
| 20:43 | Create | Villager (Male) |
| 20:50 | Research | Castle Age |
| 20:53 | Research | Castle Age |
| 21:03 | Create | Spearman |
| 21:03 | Create | Spearman |
| 21:03 | Create | Spearman |
| 21:26 | Build | Barracks |
| 21:30 | Build | Barracks |
| 21:31 | Build | Barracks |
| 21:44 | Create | Trade Cart |
| 21:44 | Create | Trade Cart |
| 22:29 | Create | Militia |
| 22:29 | Create | Militia |
| 22:29 | Create | Militia |
| 22:35 | Create | Spearman |
| 22:36 | Create | Militia |
| 22:36 | Create | Spearman |
| 22:36 | Create | Militia |
| 22:37 | Create | Spearman |
| 22:37 | Create | Militia |
| 22:37 | Create | Spearman |
| 22:58 | Build | Mining Camp |
| 23:00 | Create | Villager (Male) |
| 23:00 | Create | Villager (Male) |
| 23:47 | Age | Castle Age |
| 24:04 | Research | Chain Mail Armor |
| 24:11 | Create | Militia |
| 24:12 | Create | Spearman |
| 24:28 | Research | Squires |
| 24:57 | Build | Monastery |
| 25:01 | Create | Spearman |
| 25:01 | Create | Spearman |
| 25:01 | Create | Spearman |
| 25:35 | Create | Monk |
| 25:41 | Research | Long Swordsman (upgrade) |
| 25:45 | Create | Militia |
| 25:45 | Create | Militia |
| 26:16 | Create | Militia ×3 |
| 27:01 | Build | Mining Camp |
| 27:30 | Research | Iron Casting |
| 27:32 | Create | Villager (Male) |
Build order — alancazu
First 150 of 165 actions detected
| 0:05 | Research | Loom |
| 0:06 | Create | Villager (Male) |
| 0:06 | Create | Villager (Male) |
| 0:06 | Create | Villager (Male) |
| 0:06 | Create | Villager (Male) |
| 0:20 | Build | House |
| 0:22 | Build | House |
| 0:23 | Build | House |
| 0:28 | Build | Mill |
| 2:05 | Create | Villager (Male) |
| 2:27 | Create | Villager (Male) |
| 2:47 | Create | Villager (Male) |
| 3:24 | Create | Villager (Male) |
| 3:55 | Create | Villager (Male) |
| 3:55 | Create | Villager (Male) |
| 4:30 | Create | Villager (Male) |
| 4:50 | Create | Villager (Male) |
| 5:28 | Create | Villager (Male) |
| 6:17 | Create | Villager (Male) |
| 6:17 | Create | Villager (Male) |
| 6:18 | Create | Villager (Male) |
| 6:40 | Build | Lumber Camp |
| 7:12 | Research | Feudal Age |
| 7:48 | Build | House |
| 7:50 | Build | House |
| 8:27 | Build | House |
| 8:31 | Build | House |
| 8:34 | Create | Villager (Male) |
| 8:34 | Create | Villager (Male) |
| 8:42 | Build | Farm |
| 8:42 | Build | Farm |
| 8:42 | Build | Farm |
| 8:43 | Build | Farm |
| 8:43 | Build | Farm |
| 8:43 | Build | Farm |
| 9:22 | Age | Feudal Age |
| 9:32 | Build | Barracks |
| 9:39 | Build | Farm |
| 10:05 | Create | Villager (Male) |
| 10:05 | Create | Villager (Male) |
| 10:23 | Build | Blacksmith |
| 10:27 | Create | Villager (Male) |
| 10:30 | Build | Farm |
| 10:31 | Build | Farm |
| 10:42 | Research | Double-Bit Axe |
| 10:48 | Build | Farm |
| 11:23 | Build | Mining Camp |
| 11:26 | Create | Villager (Male) |
| 11:26 | Create | Villager (Male) |
| 11:31 | Build | Farm |
| 11:32 | Build | Farm |
| 11:35 | Create | Spearman |
| 11:58 | Build | Farm |
| 11:59 | Build | Farm |
| 12:11 | Create | Villager (Male) |
| 12:21 | Research | Horse Collar |
| 12:45 | Create | Villager (Male) |
| 12:45 | Create | Villager (Male) |
| 12:54 | Build | Farm |
| 12:57 | Build | Farm |
| 13:00 | Create | Villager (Male) |
| 13:33 | Create | Villager (Male) |
| 13:57 | Build | Watch Tower |
| 14:00 | Create | Villager (Male) |
| 14:00 | Create | Villager (Male) |
| 14:10 | Create | Villager (Male) |
| 14:15 | Build | Farm |
| 14:17 | Build | Farm |
| 14:21 | Build | Farm |
| 14:22 | Build | Farm |
| 15:08 | Create | Villager (Male) |
| 15:08 | Create | Villager (Male) |
| 15:17 | Build | House |
| 15:29 | Build | Market |
| 15:41 | Build | Farm |
| 15:42 | Build | Farm |
| 15:47 | Create | Villager (Male) |
| 15:48 | Create | Villager (Male) |
| 17:26 | Research | Castle Age |
| 17:26 | Research | Castle Age |
| 18:12 | Research | Stone Mining |
| 19:46 | Create | Villager (Male) |
| 19:46 | Create | Villager (Male) |
| 19:46 | Create | Villager (Male) |
| 19:52 | Research | Gold Mining |
| 20:06 | Age | Castle Age |
| 20:10 | Build | Siege Workshop |
| 20:15 | Create | Villager (Male) |
| 20:15 | Create | Villager (Male) |
| 20:16 | Create | Villager (Male) |
| 20:26 | Build | Town Center |
| 20:33 | Build | Town Center |
| 20:36 | Create | Villager (Male) |
| 20:36 | Create | Villager (Male) |
| 20:36 | Create | Villager (Male) |
| 21:06 | Build | Monastery |
| 21:11 | Create | Villager (Male) |
| 21:32 | Create | Villager (Male) |
| 21:32 | Create | Villager (Male) |
| 21:32 | Create | Villager (Male) |
| 21:53 | Create | Monk |
| 22:03 | Build | Mining Camp |
| 22:11 | Create | Villager (Male) |
| 22:13 | Create | Villager (Male) |
| 22:13 | Create | Villager (Male) |
| 22:13 | Create | Villager (Male) |
| 22:14 | Create | Villager (Male) |
| 22:35 | Create | Monk |
| 22:49 | Research | Wheelbarrow |
| 23:04 | Create | Mangonel |
| 23:20 | Build | House |
| 23:22 | Build | House |
| 23:23 | Build | House |
| 23:30 | Create | Villager (Male) |
| 23:36 | Create | Villager (Male) |
| 23:36 | Create | Villager (Male) |
| 23:38 | Research | Bow Saw |
| 23:52 | Build | Farm |
| 23:53 | Build | Farm |
| 23:57 | Create | Villager (Male) |
| 23:59 | Create | Villager (Male) |
| 23:59 | Create | Villager (Male) |
| 24:03 | Build | Farm |
| 24:04 | Build | Farm |
| 24:04 | Build | Farm |
| 24:06 | Create | Villager (Male) |
| 24:29 | Create | Mangonel |
| 24:57 | Create | Villager (Male) |
| 24:57 | Create | Villager (Male) |
| 24:57 | Create | Villager (Male) |
| 25:00 | Create | Villager (Male) |
| 25:01 | Create | Villager (Male) |
| 25:01 | Create | Villager (Male) |
| 25:05 | Build | House |
| 25:06 | Build | House |
| 25:06 | Build | House |
| 25:06 | Build | House |
| 25:07 | Build | House |
| 25:15 | Create | Battering Ram |
| 25:49 | Build | Farm |
| 25:50 | Build | Farm |
| 25:50 | Build | Farm |
| 25:50 | Build | Farm |
| 25:54 | Create | Villager (Male) |
| 25:54 | Create | Villager (Male) |
| 25:55 | Create | Villager (Male) |
| 25:55 | Create | Villager (Male) |
| 25:57 | Create | Villager (Male) |
| 25:57 | Create | Villager (Male) |
| 25:57 | Create | Villager (Male) |
Build order — luu~
First 150 of 152 actions detected
| 0:07 | Create | Villager (Male) |
| 0:07 | Create | Villager (Male) |
| 0:07 | Create | Villager (Male) |
| 0:07 | Create | Villager (Male) |
| 0:08 | Create | Villager (Male) |
| 0:28 | Build | House |
| 0:31 | Build | House |
| 0:50 | Research | Loom |
| 0:52 | Create | Villager (Male) |
| 0:52 | Create | Villager (Male) |
| 0:52 | Create | Villager (Male) |
| 0:52 | Create | Villager (Male) |
| 1:43 | Create | Villager (Male) |
| 1:44 | Create | Villager (Male) |
| 2:26 | Create | Villager (Male) |
| 2:26 | Create | Villager (Male) |
| 2:41 | Build | Lumber Camp |
| 3:02 | Create | Villager (Male) |
| 3:02 | Create | Villager (Male) |
| 3:30 | Create | Villager (Male) |
| 3:30 | Create | Villager (Male) |
| 3:58 | Create | Villager (Male) |
| 4:31 | Create | Villager (Male) |
| 4:31 | Create | Villager (Male) |
| 4:32 | Create | Villager (Male) |
| 4:37 | Build | Mill |
| 4:52 | Build | House |
| 4:58 | Create | Villager (Male) |
| 4:58 | Create | Villager (Male) |
| 5:18 | Create | Villager (Male) |
| 6:27 | Create | Villager (Male) |
| 6:27 | Create | Villager (Male) |
| 7:05 | Build | Mill |
| 7:12 | Build | House |
| 7:34 | Build | Palisade Wall |
| 7:37 | Build | Palisade Wall |
| 7:41 | Build | Palisade Gate |
| 7:42 | Create | Villager (Male) |
| 8:05 | Create | Villager (Male) |
| 8:06 | Create | Villager (Male) |
| 8:21 | Build | House |
| 8:27 | Build | House |
| 8:32 | Build | House |
| 8:35 | Create | Villager (Male) |
| 9:09 | Create | Villager (Male) |
| 9:31 | Research | Feudal Age |
| 10:27 | Create | Villager (Male) |
| 10:28 | Create | Villager (Male) |
| 10:28 | Create | Villager (Male) |
| 10:42 | Build | Barracks |
| 11:33 | Create | Villager (Male) |
| 11:34 | Create | Villager (Male) |
| 11:34 | Create | Villager (Male) |
| 11:38 | Build | Farm |
| 11:38 | Build | Farm |
| 11:39 | Build | Farm |
| 11:39 | Build | Farm |
| 11:40 | Build | Farm |
| 11:42 | Build | Farm |
| 11:57 | Age | Feudal Age |
| 12:05 | Build | Stone Wall |
| 12:09 | Build | Gate |
| 12:12 | Create | Villager (Male) |
| 12:32 | Build | Farm |
| 12:39 | Build | Farm |
| 12:41 | Create | Villager (Male) |
| 13:14 | Build | House |
| 13:17 | Build | House |
| 13:22 | Create | Villager (Male) |
| 13:30 | Build | Mining Camp |
| 13:45 | Create | Spearman |
| 14:15 | Build | Stone Wall |
| 14:21 | Create | Villager (Male) |
| 14:54 | Build | Farm |
| 14:55 | Build | Farm |
| 15:29 | Build | Market |
| 15:55 | Create | Villager (Male) |
| 16:10 | Build | Blacksmith |
| 16:27 | Build | Gate |
| 16:33 | Build | Stone Wall |
| 16:37 | Create | Villager (Male) |
| 16:56 | Research | Castle Age |
| 17:04 | Build | Barracks |
| 17:17 | Build | Farm |
| 17:18 | Build | Farm |
| 17:18 | Build | Farm |
| 17:18 | Build | Farm |
| 17:20 | Build | Farm |
| 17:29 | Build | Mining Camp |
| 17:37 | Research | Scale Mail Armor |
| 17:47 | Create | Militia |
| 17:48 | Create | Militia |
| 18:06 | Build | Lumber Camp |
| 18:12 | Research | Horse Collar |
| 19:05 | Build | Mining Camp |
| 19:42 | Age | Castle Age |
| 19:45 | Build | Siege Workshop |
| 19:53 | Create | Villager (Male) |
| 19:54 | Create | Villager (Male) |
| 19:59 | Build | Town Center |
| 20:03 | Create | Villager (Male) |
| 20:04 | Create | Villager (Male) |
| 20:10 | Create | Villager (Male) |
| 20:58 | Build | Monastery |
| 21:06 | Create | Villager (Male) |
| 21:13 | Create | Villager (Male) |
| 21:23 | Create | Villager (Male) |
| 21:37 | Create | Villager (Male) |
| 21:37 | Create | Villager (Male) |
| 21:37 | Create | Villager (Male) |
| 21:51 | Build | Farm |
| 21:54 | Create | Villager (Male) |
| 21:55 | Create | Villager (Male) |
| 22:10 | Build | Stone Wall |
| 22:13 | Build | Gate |
| 22:20 | Create | Monk |
| 22:29 | Create | Villager (Male) |
| 22:31 | Create | Villager (Male) |
| 22:39 | Research | Heavy Plow |
| 22:40 | Research | Double-Bit Axe |
| 23:22 | Build | House |
| 23:24 | Build | House |
| 23:36 | Create | Villager (Male) |
| 23:38 | Create | Villager (Male) |
| 23:39 | Research | Wheelbarrow |
| 24:00 | Build | Mining Camp |
| 24:02 | Create | Villager (Male) |
| 24:05 | Create | Villager (Male) |
| 24:08 | Build | Farm |
| 24:16 | Create | Battering Ram |
| 24:16 | Create | Battering Ram |
| 24:47 | Research | Chain Mail Armor |
| 24:48 | Research | Squires |
| 25:00 | Create | Militia |
| 25:07 | Build | Stable |
| 25:14 | Build | Mining Camp |
| 25:17 | Research | Scale Barding Armor |
| 25:28 | Build | University |
| 25:39 | Build | Castle |
| 25:55 | Create | Villager (Male) |
| 25:55 | Create | Villager (Male) |
| 25:55 | Create | Villager (Male) |
| 25:55 | Create | Villager (Male) |
| 26:05 | Build | Town Center |
| 26:43 | Create | Knight |
| 26:43 | Create | Knight |
| 26:43 | Create | Knight |
| 26:49 | Build | Stable |
| 27:22 | Create | Konnik |
| 27:22 | Create | Konnik |
Build order — LedgenP
107 actions detected in the replay
| 0:01 | Create | Villager (Male) |
| 0:01 | Create | Villager (Male) |
| 0:02 | Build | House |
| 0:03 | Build | House |
| 0:32 | Create | Villager (Male) |
| 0:33 | Create | Villager (Male) |
| 1:22 | Create | Villager (Male) |
| 1:50 | Build | Lumber Camp |
| 1:57 | Create | Villager (Male) |
| 2:47 | Create | Villager (Male) |
| 3:16 | Create | Villager (Male) |
| 3:16 | Create | Villager (Male) |
| 4:28 | Build | House |
| 5:11 | Create | Villager (Male) |
| 5:11 | Create | Villager (Male) |
| 5:11 | Create | Villager (Male) |
| 5:47 | Build | Mill |
| 5:50 | Create | Villager (Male) |
| 6:24 | Create | Villager (Male) |
| 6:40 | Build | House |
| 7:05 | Create | Villager (Male) |
| 7:07 | Create | Villager (Male) |
| 8:04 | Create | Villager (Male) |
| 8:36 | Build | Farm |
| 8:44 | Create | Villager (Male) |
| 9:13 | Build | Farm |
| 9:15 | Build | Farm |
| 9:26 | Create | Villager (Male) |
| 9:26 | Create | Villager (Male) |
| 9:30 | Build | Farm |
| 9:32 | Build | Farm |
| 9:52 | Create | Villager (Male) |
| 10:22 | Build | Mining Camp |
| 10:26 | Research | Feudal Age |
| 10:28 | Research | Loom |
| 11:36 | Create | Villager (Male) |
| 11:36 | Create | Villager (Male) |
| 12:51 | Age | Feudal Age |
| 12:54 | Build | Market |
| 12:59 | Build | Blacksmith |
| 13:01 | Create | Villager (Male) |
| 13:20 | Build | House |
| 14:35 | Build | Farm |
| 14:38 | Create | Villager (Male) |
| 14:39 | Create | Villager (Male) |
| 15:05 | Create | Villager (Male) |
| 15:26 | Research | Castle Age |
| 15:39 | Build | Mining Camp |
| 16:18 | Build | Mining Camp |
| 16:29 | Research | Stone Mining |
| 16:34 | Create | Villager (Male) |
| 16:34 | Create | Villager (Male) |
| 16:39 | Build | House |
| 17:17 | Build | Stone Wall |
| 18:08 | Age | Castle Age |
| 18:14 | Build | Castle |
| 19:11 | Create | Villager (Male) |
| 19:11 | Create | Villager (Male) |
| 19:51 | Create | Villager (Male) |
| 19:51 | Create | Villager (Male) |
| 20:19 | Build | Farm |
| 20:23 | Create | Villager (Male) |
| 20:28 | Build | Farm |
| 20:45 | Build | Farm |
| 20:55 | Build | Farm |
| 21:01 | Create | Villager (Male) |
| 21:25 | Build | Castle |
| 21:33 | Build | Farm |
| 21:35 | Create | Villager (Male) |
| 21:52 | Create | Villager (Male) |
| 21:54 | Build | Farm |
| 22:08 | Create | Villager (Male) |
| 22:13 | Research | Double-Bit Axe |
| 22:22 | Build | Farm |
| 22:30 | Create | Villager (Male) |
| 22:53 | Create | Villager (Male) |
| 22:55 | Build | Farm |
| 23:04 | Build | Mining Camp |
| 23:07 | Create | Berserk |
| 23:08 | Create | Berserk |
| 23:13 | Build | Farm |
| 23:14 | Build | Farm |
| 23:19 | Build | Farm |
| 23:32 | Create | Villager (Male) |
| 23:32 | Create | Villager (Male) |
| 23:39 | Create | Berserk |
| 23:40 | Create | Berserk |
| 24:08 | Create | Berserk |
| 24:21 | Create | Villager (Male) |
| 24:22 | Create | Villager (Male) |
| 24:40 | Create | Villager (Male) |
| 24:53 | Build | Town Center |
| 25:06 | Create | Berserk |
| 25:06 | Create | Berserk |
| 25:10 | Create | Villager (Male) |
| 25:10 | Create | Villager (Male) |
| 25:14 | Create | Berserk |
| 25:46 | Create | Berserk |
| 25:47 | Create | Berserk |
| 25:48 | Create | Berserk |
| 25:54 | Create | Villager (Male) |
| 26:48 | Create | Berserk |
| 26:48 | Create | Berserk |
| 26:49 | Create | Villager (Male) |
| 26:50 | Create | Villager (Male) |
| 26:53 | Create | Berserk |
| 26:53 | Create | Berserk |
Build order — Maxi Greco32
113 actions detected in the replay
| 0:06 | Build | House |
| 0:11 | Create | Villager (Male) |
| 0:11 | Create | Villager (Male) |
| 0:11 | Create | Villager (Male) |
| 0:12 | Create | Villager (Male) |
| 0:12 | Create | Villager (Male) |
| 0:12 | Create | Villager (Male) |
| 0:43 | Build | House |
| 0:47 | Build | House |
| 1:37 | Create | Villager (Male) |
| 2:23 | Create | Villager (Male) |
| 2:23 | Create | Villager (Male) |
| 2:23 | Create | Villager (Male) |
| 2:30 | Build | Lumber Camp |
| 2:35 | Create | Villager (Male) |
| 2:35 | Create | Villager (Male) |
| 3:04 | Create | Villager (Male) |
| 3:04 | Create | Villager (Male) |
| 3:26 | Create | Villager (Male) |
| 3:26 | Create | Villager (Male) |
| 3:26 | Create | Villager (Male) |
| 3:32 | Create | Villager (Male) |
| 3:32 | Create | Villager (Male) |
| 3:53 | Create | Villager (Male) |
| 4:22 | Create | Villager (Male) |
| 5:09 | Create | Villager (Male) |
| 5:09 | Create | Villager (Male) |
| 6:16 | Build | House |
| 6:22 | Build | Barracks |
| 6:42 | Create | Villager (Male) |
| 6:42 | Create | Villager (Male) |
| 7:10 | Build | Mill |
| 8:04 | Research | Loom |
| 8:25 | Build | Palisade Wall |
| 8:31 | Create | Villager (Male) |
| 9:17 | Build | Palisade Wall |
| 9:50 | Research | Feudal Age |
| 10:17 | Build | Palisade Wall |
| 11:03 | Build | House |
| 11:18 | Build | Palisade Wall |
| 12:02 | Research | Double-Bit Axe |
| 12:05 | Create | Villager (Male) |
| 12:05 | Create | Villager (Male) |
| 12:05 | Create | Villager (Male) |
| 12:05 | Create | Villager (Male) |
| 12:06 | Create | Villager (Male) |
| 12:06 | Create | Villager (Male) |
| 12:07 | Create | Villager (Male) |
| 12:07 | Create | Villager (Male) |
| 12:15 | Build | Farm |
| 12:15 | Build | Farm |
| 12:16 | Build | Farm |
| 12:17 | Build | Farm |
| 12:17 | Build | Farm |
| 12:18 | Build | Farm |
| 12:18 | Build | Farm |
| 12:18 | Build | Farm |
| 12:22 | Build | Farm |
| 12:33 | Build | Farm |
| 12:34 | Build | Farm |
| 13:09 | Build | Mining Camp |
| 13:13 | Create | Villager (Male) |
| 13:13 | Create | Villager (Male) |
| 13:39 | Create | Villager (Male) |
| 13:40 | Create | Villager (Male) |
| 13:50 | Build | Market |
| 14:21 | Build | Farm |
| 14:46 | Build | Farm |
| 15:05 | Build | Blacksmith |
| 15:19 | Build | Farm |
| 15:23 | Create | Villager (Male) |
| 15:26 | Create | Villager (Male) |
| 15:27 | Create | Villager (Male) |
| 15:44 | Build | Farm |
| 15:57 | Build | House |
| 15:59 | Build | House |
| 16:01 | Build | House |
| 16:25 | Research | Gold Mining |
| 16:56 | Research | Horse Collar |
| 17:33 | Research | Wheelbarrow |
| 18:16 | Build | Archery Range |
| 18:26 | Research | Man-at-Arms (upgrade) |
| 18:51 | Create | Archer |
| 18:52 | Create | Archer |
| 18:58 | Create | Militia |
| 18:59 | Create | Militia |
| 19:00 | Create | Militia |
| 19:01 | Create | Militia |
| 19:01 | Create | Militia |
| 19:01 | Create | Militia |
| 19:34 | Create | Archer |
| 20:00 | Build | Watch Tower |
| 21:20 | Create | Militia |
| 21:22 | Create | Militia |
| 21:22 | Create | Militia |
| 21:23 | Create | Militia |
| 22:11 | Create | Militia |
| 22:11 | Create | Militia |
| 22:16 | Create | Skirmisher |
| 22:17 | Create | Skirmisher |
| 22:17 | Create | Skirmisher |
| 22:18 | Create | Skirmisher |
| 22:18 | Create | Skirmisher |
| 22:18 | Create | Skirmisher |
| 22:18 | Create | Skirmisher |
| 22:49 | Build | House |
| 25:01 | Create | Skirmisher |
| 25:01 | Create | Skirmisher |
| 25:08 | Create | Militia |
| 25:08 | Create | Militia |
| 25:08 | Create | Militia |
| 25:41 | Build | Farm |
| 25:41 | Build | Farm |
Build order — gbecerro
First 150 of 172 actions detected
| 0:03 | Create | Villager (Male) |
| 0:03 | Research | Loom |
| 0:03 | Create | Villager (Male) |
| 0:03 | Create | Villager (Male) |
| 0:04 | Create | Villager (Male) |
| 0:04 | Create | Villager (Male) |
| 0:06 | Build | House |
| 0:10 | Build | House |
| 1:42 | Create | Villager (Male) |
| 2:24 | Create | Villager (Male) |
| 2:25 | Create | Villager (Male) |
| 2:34 | Create | Villager (Male) |
| 2:35 | Create | Villager (Male) |
| 3:15 | Build | Outpost |
| 3:17 | Build | Outpost |
| 3:24 | Create | Villager (Male) |
| 3:43 | Create | Villager (Male) |
| 4:11 | Create | Villager (Male) |
| 4:23 | Build | House |
| 4:34 | Create | Villager (Male) |
| 5:00 | Create | Villager (Male) |
| 5:06 | Create | Villager (Male) |
| 5:09 | Build | Settlement |
| 5:47 | Create | Villager (Male) |
| 6:14 | Create | Villager (Male) |
| 6:39 | Create | Villager (Male) |
| 6:55 | Create | Villager (Male) |
| 7:06 | Build | Settlement |
| 7:33 | Create | Villager (Male) |
| 7:43 | Build | House |
| 7:58 | Create | Villager (Male) |
| 8:33 | Create | Villager (Male) |
| 8:52 | Create | Villager (Male) |
| 9:14 | Create | Villager (Male) |
| 9:30 | Research | Feudal Age |
| 10:32 | Build | Settlement |
| 10:35 | Create | Villager (Male) |
| 10:46 | Build | Settlement |
| 10:53 | Build | House |
| 10:55 | Build | House |
| 11:55 | Build | House |
| 12:01 | Research | Wheelbarrow |
| 12:07 | Research | Double-Bit Axe |
| 12:07 | Research | Double-Bit Axe |
| 12:27 | Research | Horse Collar |
| 12:39 | Create | Skirmisher |
| 12:39 | Create | Spearman |
| 12:40 | Create | Skirmisher |
| 12:40 | Create | Spearman |
| 12:45 | Create | Skirmisher |
| 12:45 | Create | Spearman |
| 12:46 | Create | Skirmisher |
| 12:46 | Create | Spearman |
| 12:47 | Create | Villager (Male) |
| 13:06 | Build | Farm |
| 13:42 | Create | Skirmisher |
| 13:42 | Create | Spearman |
| 13:43 | Create | Skirmisher |
| 13:43 | Create | Spearman |
| 14:09 | Create | Skirmisher |
| 14:09 | Create | Spearman |
| 14:24 | Create | Skirmisher |
| 14:24 | Create | Spearman |
| 14:24 | Create | Skirmisher |
| 14:24 | Create | Spearman |
| 14:35 | Create | Skirmisher |
| 14:35 | Create | Spearman |
| 14:35 | Create | Skirmisher |
| 14:35 | Create | Spearman |
| 15:00 | Create | Skirmisher |
| 15:00 | Create | Spearman |
| 15:00 | Create | Skirmisher |
| 15:00 | Create | Spearman |
| 15:32 | Create | Villager (Male) |
| 15:35 | Build | Farm |
| 15:35 | Build | Farm |
| 15:35 | Build | Farm |
| 15:35 | Build | Farm |
| 15:36 | Build | Farm |
| 15:36 | Build | Farm |
| 15:53 | Build | Market |
| 15:56 | Create | Villager (Male) |
| 16:10 | Build | Farm |
| 16:12 | Build | Farm |
| 16:13 | Build | Farm |
| 16:24 | Create | Villager (Male) |
| 16:24 | Create | Villager (Male) |
| 16:25 | Create | Villager (Male) |
| 16:30 | Create | Skirmisher |
| 17:03 | Create | Skirmisher |
| 17:03 | Create | Spearman |
| 17:12 | Build | Blacksmith |
| 17:15 | Create | Villager (Male) |
| 17:15 | Create | Villager (Male) |
| 17:21 | Build | Farm |
| 17:21 | Build | Farm |
| 17:22 | Build | Farm |
| 17:23 | Build | Farm |
| 17:25 | Create | Villager (Male) |
| 17:36 | Create | Skirmisher |
| 17:36 | Create | Spearman |
| 17:51 | Create | Villager (Male) |
| 18:07 | Research | Fletching |
| 18:08 | Research | Fletching |
| 19:49 | Create | Villager (Male) |
| 19:51 | Research | Town Watch |
| 19:51 | Create | Villager (Male) |
| 19:57 | Build | House |
| 20:00 | Build | House |
| 20:28 | Build | House |
| 20:29 | Build | House |
| 20:32 | Build | House |
| 20:43 | Build | Farm |
| 20:48 | Build | Farm |
| 20:53 | Create | Villager (Male) |
| 21:18 | Build | Barracks |
| 21:20 | Research | Castle Age |
| 21:38 | Build | Settlement |
| 21:45 | Build | House |
| 21:50 | Build | House |
| 21:53 | Build | House |
| 22:02 | Build | House |
| 22:06 | Research | Forging |
| 22:08 | Research | Padded Archer Armor |
| 22:22 | Create | Skirmisher |
| 22:22 | Create | Spearman |
| 22:22 | Create | Skirmisher |
| 22:22 | Create | Spearman |
| 22:23 | Create | Spearman |
| 22:23 | Create | Skirmisher |
| 22:23 | Create | Skirmisher |
| 22:37 | Research | Gold Mining |
| 22:38 | Research | Gold Mining |
| 22:38 | Research | Gold Mining |
| 23:09 | Build | House |
| 23:16 | Build | House |
| 23:19 | Create | Villager (Male) |
| 23:24 | Create | Villager (Male) |
| 23:29 | Build | Settlement |
| 23:40 | Research | Scale Mail Armor |
| 23:42 | Create | Skirmisher |
| 23:42 | Create | Spearman |
| 23:43 | Create | Skirmisher |
| 23:43 | Create | Spearman |
| 23:43 | Create | Skirmisher |
| 23:43 | Create | Spearman |
| 23:43 | Create | Skirmisher |
| 23:44 | Create | Spearman |
| 23:44 | Create | Skirmisher |
| 24:17 | Research | Bow Saw |
Build order — JeyKilla MC
125 actions detected in the replay
| 0:02 | Create | Villager (Male) |
| 0:05 | Build | House |
| 0:08 | Build | House |
| 0:26 | Create | Villager (Male) |
| 0:26 | Create | Villager (Male) |
| 0:27 | Create | Villager (Male) |
| 0:27 | Create | Villager (Male) |
| 1:22 | Build | Lumber Camp |
| 1:36 | Create | Villager (Male) |
| 1:55 | Create | Villager (Male) |
| 2:34 | Create | Villager (Male) |
| 2:54 | Create | Villager (Male) |
| 3:29 | Create | Villager (Male) |
| 3:45 | Create | Villager (Male) |
| 4:00 | Build | House |
| 4:03 | Build | House |
| 4:05 | Create | Villager (Male) |
| 4:34 | Build | Mill |
| 4:44 | Create | Villager (Male) |
| 5:14 | Create | Villager (Male) |
| 5:15 | Create | Villager (Male) |
| 5:29 | Create | Villager (Male) |
| 5:48 | Create | Villager (Male) |
| 6:47 | Create | Villager (Male) |
| 7:22 | Research | Loom |
| 7:46 | Research | Feudal Age |
| 9:03 | Build | Mining Camp |
| 9:18 | Create | Villager (Male) |
| 9:19 | Create | Villager (Male) |
| 9:38 | Build | Barracks |
| 9:42 | Build | House |
| 10:32 | Build | Farm |
| 10:47 | Build | Archery Range |
| 10:55 | Create | Villager (Male) |
| 10:55 | Create | Villager (Male) |
| 11:00 | Build | Farm |
| 11:04 | Build | Farm |
| 11:08 | Build | Farm |
| 11:17 | Build | Farm |
| 11:41 | Build | Farm |
| 11:45 | Create | Villager (Male) |
| 12:09 | Create | Villager (Male) |
| 12:16 | Build | Blacksmith |
| 12:22 | Create | Villager (Male) |
| 12:38 | Create | Villager (Male) |
| 12:53 | Build | Farm |
| 13:33 | Create | Villager (Male) |
| 13:46 | Build | Archery Range |
| 14:21 | Build | House |
| 14:25 | Research | Castle Age |
| 14:52 | Build | House |
| 14:57 | Create | Archer |
| 14:57 | Create | Archer |
| 15:02 | Research | Double-Bit Axe |
| 15:28 | Build | House |
| 15:41 | Build | Gate |
| 15:52 | Build | House |
| 15:56 | Research | Wheelbarrow |
| 16:02 | Research | Horse Collar |
| 16:12 | Create | Archer |
| 16:13 | Create | Archer |
| 16:46 | Build | Market |
| 16:57 | Create | Archer |
| 17:00 | Create | Archer |
| 17:03 | Research | Fletching |
| 17:16 | Create | Archer |
| 17:31 | Build | House |
| 17:32 | Build | House |
| 17:34 | Build | House |
| 17:43 | Research | Crossbowman (upgrade) |
| 18:09 | Create | Archer |
| 18:12 | Create | Archer |
| 18:29 | Build | Gate |
| 18:36 | Build | Stone Wall |
| 18:38 | Build | House |
| 19:31 | Create | Villager (Male) |
| 19:42 | Build | Town Center |
| 19:53 | Create | Villager (Male) |
| 19:57 | Create | Archer |
| 19:57 | Create | Archer |
| 19:59 | Create | Archer |
| 19:59 | Create | Archer |
| 20:05 | Build | House |
| 20:07 | Build | House |
| 21:37 | Research | Bodkin Arrow |
| 21:38 | Research | Padded Archer Armor |
| 22:24 | Create | Archer |
| 22:25 | Create | Archer |
| 22:25 | Create | Archer |
| 22:26 | Create | Archer |
| 22:27 | Create | Villager (Male) |
| 22:27 | Create | Villager (Male) |
| 22:43 | Build | Archery Range |
| 22:54 | Build | Archery Range |
| 23:06 | Create | Archer |
| 23:07 | Create | Archer |
| 23:20 | Create | Villager (Male) |
| 23:20 | Create | Villager (Male) |
| 23:30 | Build | University |
| 23:34 | Build | House |
| 23:38 | Create | Villager (Male) |
| 23:38 | Create | Villager (Male) |
| 23:59 | Create | Archer |
| 24:00 | Create | Archer |
| 24:04 | Create | Villager (Male) |
| 24:04 | Create | Villager (Male) |
| 24:08 | Research | Leather Archer Armor |
| 24:47 | Create | Archer |
| 24:47 | Create | Archer |
| 24:47 | Create | Archer |
| 24:55 | Create | Villager (Male) |
| 24:55 | Create | Villager (Male) |
| 25:06 | Create | Villager (Male) |
| 25:06 | Create | Villager (Male) |
| 25:31 | Create | Villager (Male) |
| 25:31 | Create | Villager (Male) |
| 25:37 | Build | Archery Range |
| 25:38 | Build | Archery Range |
| 25:51 | Create | Archer |
| 25:51 | Create | Archer |
| 25:51 | Create | Archer |
| 25:51 | Create | Archer |
| 26:18 | Research | Ballistics |
| 26:48 | Build | Siege Workshop |
| 27:07 | Create | Archer ×5 |
Build order — GRECOCHI32
97 actions detected in the replay
| 0:01 | Create | Villager (Male) |
| 0:01 | Create | Villager (Male) |
| 0:01 | Create | Villager (Male) |
| 0:02 | Create | Villager (Male) |
| 0:02 | Create | Villager (Male) |
| 0:03 | Research | Loom |
| 0:03 | Research | Loom |
| 1:50 | Create | Villager (Male) |
| 2:07 | Create | Villager (Male) |
| 2:49 | Build | Mill |
| 2:53 | Create | Villager (Male) |
| 3:14 | Create | Villager (Male) |
| 3:35 | Create | Villager (Male) |
| 4:05 | Create | Villager (Male) |
| 4:37 | Create | Villager (Male) |
| 4:57 | Build | Lumber Camp |
| 4:59 | Create | Villager (Male) |
| 5:43 | Create | Villager (Male) |
| 6:03 | Create | Villager (Male) |
| 6:33 | Create | Villager (Male) |
| 6:57 | Create | Villager (Male) |
| 7:16 | Create | Villager (Male) |
| 7:42 | Create | Villager (Male) |
| 8:09 | Build | Barracks |
| 8:15 | Create | Villager (Male) |
| 8:42 | Create | Villager (Male) |
| 8:49 | Build | Mining Camp |
| 9:00 | Research | Feudal Age |
| 9:31 | Create | Villager (Male) |
| 11:01 | Build | Mining Camp |
| 11:19 | Build | Market |
| 11:23 | Research | Wheelbarrow |
| 11:35 | Research | Town Watch |
| 12:16 | Build | Farm |
| 12:17 | Build | Farm |
| 12:18 | Build | Farm |
| 12:19 | Build | Farm |
| 12:42 | Build | Farm |
| 12:43 | Build | Farm |
| 12:47 | Build | Farm |
| 12:52 | Build | Farm |
| 13:22 | Build | Farm |
| 13:32 | Build | Farm |
| 13:34 | Create | Villager (Male) |
| 13:48 | Research | Double-Bit Axe |
| 14:00 | Create | Villager (Male) |
| 14:26 | Create | Villager (Male) |
| 14:32 | Build | Mining Camp |
| 14:44 | Build | Stable |
| 14:50 | Create | Villager (Male) |
| 15:07 | Research | Horse Collar |
| 15:20 | Create | Villager (Male) |
| 15:48 | Create | Villager (Male) |
| 16:05 | Create | Villager (Male) |
| 16:28 | Research | Bloodlines |
| 16:54 | Build | Blacksmith |
| 17:16 | Create | Villager (Male) |
| 17:27 | Build | Stable |
| 17:40 | Create | Villager (Male) |
| 17:48 | Build | Mining Camp |
| 17:55 | Research | Forging |
| 17:56 | Research | Scale Barding Armor |
| 18:10 | Create | Scout Cavalry |
| 18:10 | Create | Scout Cavalry |
| 18:11 | Create | Scout Cavalry |
| 18:11 | Create | Scout Cavalry |
| 18:11 | Create | Scout Cavalry |
| 18:19 | Build | Farm |
| 18:42 | Create | Villager (Male) |
| 18:55 | Create | Villager (Male) |
| 18:55 | Create | Villager (Male) |
| 19:04 | Create | Villager (Male) |
| 19:05 | Create | Scout Cavalry |
| 19:06 | Create | Scout Cavalry |
| 19:06 | Create | Scout Cavalry |
| 19:06 | Create | Scout Cavalry |
| 19:14 | Research | Gold Mining |
| 19:17 | Build | Farm |
| 19:31 | Create | Scout Cavalry |
| 19:48 | Build | Farm |
| 19:51 | Research | Scale Barding Armor |
| 20:37 | Build | Farm |
| 21:02 | Create | Villager (Male) |
| 21:02 | Create | Villager (Male) |
| 21:05 | Create | Scout Cavalry |
| 21:05 | Create | Scout Cavalry |
| 21:05 | Create | Scout Cavalry |
| 21:06 | Create | Scout Cavalry |
| 21:06 | Create | Scout Cavalry |
| 21:39 | Build | Farm |
| 22:03 | Create | Scout Cavalry |
| 22:03 | Create | Scout Cavalry |
| 22:04 | Create | Scout Cavalry |
| 22:05 | Build | Farm |
| 22:54 | Create | Villager (Male) |
| 23:45 | Build | Farm |
| 23:55 | Research | Castle Age |
Match timeline
| 6:22 | Maxi Greco32 · first_building Barracks |
| 7:34 | luu~ · wall_segment Palisade Wall x6 |
| 7:37 | luu~ · wall_segment Palisade Wall x2 |
| 8:09 | GRECOCHI32 · first_building Barracks |
| 8:25 | Maxi Greco32 · wall_segment Palisade Wall x11 |
| 9:17 | Maxi Greco32 · wall_segment Palisade Wall x10 |
| 9:22 | alancazu · age_up feudal |
| 9:32 | alancazu · first_building Barracks |
| 9:38 | JeyKilla MC · first_building Barracks |
| 10:17 | Maxi Greco32 · wall_segment Palisade Wall x1 |
| 10:42 | luu~ · first_building Barracks |
| 10:47 | JeyKilla MC · first_building Archery Range |
| 11:18 | Maxi Greco32 · wall_segment Palisade Wall x14 |
| 11:57 | luu~ · age_up feudal |
| 12:05 | luu~ · wall_segment Stone Wall x7 |
| 12:23 | Alaric Kerensky · age_up feudal |
| 12:26 | GRECOCHI32 · first_market_sell 100 food |
| 12:31 | GRECOCHI32 · first_market_buy 100 wood |
| 12:38 | Alaric Kerensky · first_building Barracks |
| 12:51 | LedgenP · age_up feudal |
| 14:15 | luu~ · wall_segment Stone Wall x11 |
| 14:44 | GRECOCHI32 · first_building Stable |
| 16:33 | luu~ · wall_segment Stone Wall x7 |
| 17:17 | LedgenP · wall_segment Stone Wall x5 |
| 17:18 | alancazu · first_market_sell 100 wood |
| 17:29 | Alaric Kerensky · first_market_buy 100 food |
| 18:01 | LedgenP · first_market_sell 100 food |
| 18:04 | LedgenP · first_market_buy 100 stone |
| 18:08 | LedgenP · age_up castle |
| 18:14 | LedgenP · first_building Castle |
| 18:16 | Maxi Greco32 · first_building Archery Range |
| 18:36 | JeyKilla MC · wall_segment Stone Wall x3 |
| 19:42 | luu~ · age_up castle |
| 19:45 | luu~ · first_building Siege Workshop |
| 19:55 | Maxi Greco32 · first_market_buy 100 wood |
| 20:06 | alancazu · age_up castle |
| 20:10 | alancazu · first_building Siege Workshop |
| 20:58 | luu~ · first_building Monastery |
| 21:06 | alancazu · first_building Monastery |
| 21:18 | gbecerro · first_building Barracks |
| 22:10 | luu~ · wall_segment Stone Wall x9 |
| 23:47 | Alaric Kerensky · age_up castle |
| 24:45 | gbecerro · first_building Siege Workshop |
| 24:57 | Alaric Kerensky · first_building Monastery |
| 25:07 | luu~ · first_building Stable |
| 25:39 | luu~ · first_building Castle |
| 26:01 | gbecerro · resign |
| 26:15 | alancazu · first_building Castle |
| 26:48 | JeyKilla MC · first_building Siege Workshop |
[ AI ANALYSIS · 1 CREDIT ]
What really happened in this match?
Wolo.gg analyzes every decision: build order, eco, micro, common mistakes by bracket. Personalized analysis on WhatsApp or Discord in 30 seconds.
Civ guide
Romans
Perfil
Jugador #19729917